 Dungeon Crawl Stone Soup version 0.31-a0-1139-gec03705108 (webtiles) character file.

Game seed: 9536017399697963357

0 MacCMillion the Trooper (level 1, 0/19 HPs)
             Began as a Ghoul Fighter on Dec 6, 2023.
             Slain by a gnoll
             ... wielding a +0 spear
              (6 damage)
             ... on level 1 of the Dungeon.
             The game lasted 00:00:10 (35 turns).

MacCMillion the Trooper (Ghoul Fighter)               Turns: 35, Time: 00:00:11

Health: 0/19       AC:  6    Str: 19    XL:     1   Next: 10%
Magic:  0/0        EV:  9    Int:  7    God:
Gold:   0          SH:  4    Dex:  8    Spells: 0/0 levels left

rFire   . . .        a - +0 war axe
rCold   + . .        c - +0 buckler
rNeg    + + +        b - +0 scale mail
rPois   ∞            (no helmet)
rElec   .            (no cloak)
rCorr   .            (no gloves)
SInv    .            (no boots)
Will    .....        (no amulet) Stlth
                     (no ring)
HPRegen 0.00/turn    (no ring)
MPRegen 0.07/turn

%: no passive effects
@: inhibited regen
A: claws 1, cold resistance 1, negative energy resistance 3, inhibited
regeneration, torment resistance 2, devour on kill
a: no special abilities


You were on level 1 of the Dungeon.
You visited 1 branch of the dungeon, and saw 1 of its levels.

Inventory:

Hand Weapons
 a - a +0 war axe (weapon)
Armour
 b - a +0 scale mail (worn)
 c - a +0 buckler (worn)
Potions
 d - a potion of might
 e - a potion of brilliance {unknown}


   Skills:
 - Level 3.2 Fighting
 + Level 1.8 Axes
 - Level 2.6 Armour
 + Level 2.7 Shields


You couldn't memorise any spells.
You didn't know any spells.
Your spell library was empty.

Dungeon Overview and Level Annotations

Branches:
Dungeon (1/15)

Altars:


Innate Abilities, Weirdness & Mutations

You are immune to poison.
You have sharp fingernails.
Your flesh is cold resistant. (rC+)
You are immune to negative energy. (rN+++)
You do not regenerate when monsters are visible.
You are immune to unholy pain and torment.
You thrive by killing the living.


Message History

Welcome, MacCMillion the Ghoul Fighter.
It's a long way down to the Orb of Zot, but that shouldn't be any trouble.
Press ? for a list of commands and other information.
Found a staircase leading out of the dungeon.
You open the door.
There is an open door here.
e - an orange potion A ball python comes into view.
The ball python hisses angrily.
A ball python is nearby!
You hit the ball python.
You kill the ball python!
No target in view!
No target in view!
You see here a ball python corpse.
A gnoll comes into view. It is wielding a +0 spear.
The gnoll shouts!
The gnoll hits you with a +0 spear.
You hit the gnoll but do no damage. The gnoll hits you but does no damage.
You closely miss the gnoll. The gnoll hits you with a +0 spear.
The gnoll barely misses you.
You closely miss the gnoll. The gnoll hits you with a +0 spear.
You are too injured to fight recklessly!
You are too injured to fight recklessly!
You slash the gnoll!
The gnoll is heavily wounded.
The gnoll hits you with a +0 spear.
You die...

.. #. ##. #..
##.. #.. #g#
#####@#
#######.....#
#..†....#####
##.#######
##..#
####...#####
...........#
.###...###.#
.#.......#.#


You could see a gnoll.

Vanquished Creatures
  A ball python (D:1)
1 creature vanquished.

Notes
Turn   | Place    | Note
-------+----------+-------------------------------------------
     0 | D:1      | MacCMillion the Ghoul Fighter began the quest for the Orb.
     0 | D:1      | Reached XP level 1. HP: 19/19 MP: 0/0
    35 | D:1      | Slain by a gnoll

Illustrated notes

Levels and vault maps discovered:
D:1:      dpeg_arrival_court, layout_basic

Action                     || total
---------------------------++-------
  Melee: War axe           ||     5
 Armour: Scale mail        ||     5
  Dodge: Dodged            ||     1

Table legend: (Time is in decaauts)
 A = Elapsed time spent in this place.
 B = Non-inter-level travel time spent in this place.
 C = Inter-level travel time spent in this place.
 D = Time resting spent in this place.
 E = Time spent auto-exploring this place.
 F = Levels seen in this place.
 G = Mean time per level.
                   A        B        C        D        E       F      G
               +--------+--------+--------+--------+--------+-----+--------+
         Total |     36 |     36 |      0 |      0 |     24 |   1 |   36.0 |
       Dungeon |     36 |     36 |      0 |      0 |     24 |   1 |   36.0 |
               +--------+--------+--------+--------+--------+-----+--------+

Top non-repeatable levels by time:
     D:1: 36 daAuts
